Map: Forêt cybernétique EC

Players

Stagsted - Winner!

  • Race: Protoss Protoss
  • League: Diamond
  • Spawn Location: 11:00

Sorandom

  • Race: Zerg Zerg
  • League: Diamond
  • Spawn Location: 5:00

VOD

Have the link to the VOD?

Description

Time

  • Played on: May 25, 2019, 3:02 a.m.
  • Length: 22:40
Show
View Real Time Build Order
Export as new Build Order

Stagsted Protoss - Winner!

Build Orders: Carriers 

Get SALT Encoding   

  12  0:01  Probe  
  13  0:13  Probe  
  14  0:18  Pylon  
  14  0:25  Probe  
  15  0:35  Probe  
  15  0:36  Forge  
  16  0:43  Probe  
  17  0:54  Gateway  
  17  0:56  Probe  
  18  1:08  Probe  
  19  1:18  Pylon  
  19  1:20  Probe  
  20  1:32  Probe  
  21  1:38  Photon Cannon  
  21  1:44  Probe, Photon Cannon  
  21  1:51  Cybernetics Core  
  21  1:53  Assimilator  
  21  2:04  Photon Cannon  
  21  2:11  Assimilator  
  21  2:14  Pylon  
  21  2:18  Probe  
  22  2:31  Probe  
  23  2:37  Photon Cannon  
  23  2:41  Photon Cannon  
  23  2:45  Pylon  
  22  3:00  Probe  
  23  3:08  Photon Cannon  
  23  3:12  Probe  
  24  3:13  Stargate  
  24  3:17  Pylon x2  
  24  3:51  Photon Cannon  
  24  3:56  Fleet Beacon  
  24  3:59  Stargate  
  24  4:22  Void Ray  
  28  4:36  Pylon  
  27  5:01  Probe  
  27  5:13  Probe  
  28  5:20  Pylon  
  28  5:25  Probe  
  29  5:29  Tempest  
  30  5:38  Probe  
  31  5:47  Nexus  
  31  5:50  Pylon  
  31  6:03  Probe  
  32  6:12  Tempest  
  32  6:15  Probe  
  32  6:17  Photon Cannon  
  38  6:20  Photon Cannon  
  38  6:25  Probe  
  37  6:33  Probe  
  38  6:41  Probe  
  39  6:49  Probe  
  40  6:56  Tempest  
  40  6:57  Probe  
  40  7:01  Assimilator  
  45  7:03  Assimilator  
  46  7:08  Probe  
  46  7:09  Probe  
  48  7:20  Probe  
  48  7:21  Probe  
  50  7:23  Stargate  
  50  7:29  Probe x2  
  52  7:37  Probe x2  
  54  7:44  Tempest  
  54  7:47  Probe  
  54  7:48  Probe  
  61  7:59  Probe, Tempest  
  61  8:00  Probe  
  63  8:11  Probe  
  63  8:12  Probe  
  70  8:23  Probe  
  70  8:24  Probe  
  72  8:36  Probe  
  72  8:39  Tempest  
  73  8:43  Protoss Air Weapons Level 1  
  78  8:51  Pylon  
  78  8:55  Pylon  
  78  8:59  Tempest  
  83  9:15  Tempest  
  88  9:32  Nexus  
  88  9:41  Tempest  
  93  9:47  Pylon  
  93  9:59  Stargate  
  93  10:01  Pylon  
  93  10:05  Protoss Shields Level 1  
  93  10:06  Pylon x2  
  88  10:14  Tempest  
  88  10:20  Photon Cannon  
  93  10:24  Probe x2, Photon Cannon  
  93  10:26  Assimilator  
  95  10:30  Assimilator  
  95  10:36  Probe x2  
  92  10:50  Void Ray x2  
  96  11:11  Void Ray  
  100  11:23  Probe x3  
  103  11:32  Void Ray  
  103  11:33  Void Ray  
  103  11:35  Probe x2  
  103  11:36  Probe  
  109  11:54  Void Ray  
  113  12:04  Probe  
  114  12:11  Pylon  
  114  12:15  Void Ray x2  
  114  12:16  Probe  
  114  12:17  Protoss Air Weapons Level 2  
  123  12:28  Probe  
  114  12:40  Probe  
  114  12:44  Void Ray  
  119  12:55  Void Ray x2  
  119  13:16  Void Ray  
  97  13:31  Tempest, Void Ray  
  101  13:40  Stargate  
  101  13:51  Twilight Council  
  101  13:55  Tempest  
  101  14:02  Photon Cannon x2  
  101  14:04  Tempest  
  101  14:05  Photon Cannon, Tempest  
  101  14:07  Shield Battery  
  101  14:10  Shield Battery  
  101  14:16  Carrier  
  117  14:32  Tempest  
  117  14:47  Carrier  
  113  14:56  Carrier  
  103  15:05  Photon Cannon  
  103  15:07  Probe  
  103  15:13  Probe  
  105  15:19  Probe  
  112  15:21  Carrier  
  112  15:33  Nexus  
  112  15:36  Pylon  
  112  15:38  Carrier, Pylon  
  112  15:39  Pylon  
  118  15:48  Probe x3  
  121  15:54  Void Ray  
  125  16:00  Probe x3, Void Ray  
  132  16:05  Photon Cannon  
  132  16:06  Photon Cannon  
  132  16:07  Photon Cannon  
  132  16:08  Photon Cannon  
  132  16:10  Photon Cannon  
  132  16:12  Shield Battery  
  132  16:17  Shield Battery  
  132  16:19  Assimilator  
  132  16:24  Assimilator  
  132  16:25  Void Ray  
  136  16:32  Protoss Air Armor Level 1  
  136  16:33  Protoss Shields Level 2  
  136  16:37  Void Ray  
  140  16:41  Void Ray  
  139  17:07  Void Ray  
  139  17:08  Void Ray  
  130  17:20  Void Ray  
  134  17:28  Void Ray  
  122  17:50  Void Ray  
  128  17:51  Carrier  
  128  17:53  Assimilator  
  128  17:55  Photon Cannon  
  128  17:58  Photon Cannon  
  123  18:07  Probe  
  119  18:19  Probe  
  107  18:30  Nexus  
  107  18:31  Probe, Pylon, Void Ray  
  107  18:32  Void Ray x2  
  106  18:43  Probe  
  106  18:45  Void Ray  
  107  18:51  Photon Cannon  
  107  18:54  Photon Cannon  
  111  18:55  Probe  
  111  18:57  Photon Cannon  
  111  19:01  Photon Cannon  
  111  19:02  Shield Battery  
  112  19:04  Void Ray  
  112  19:05  Void Ray  
  112  19:10  Void Ray  
  120  19:18  Void Ray  
  128  19:38  Protoss Air Weapons Level 3  
  128  19:41  Assimilator  
  128  19:42  Probe, Assimilator  
  128  19:45  Carrier  
  135  19:54  Probe, Void Ray  
  140  20:06  Probe  
  141  20:16  Robotics Facility  
  141  20:19  Probe  
  141  20:20  Photon Cannon  
  142  20:22  Photon Cannon  
  142  20:24  Photon Cannon  
  142  20:26  Photon Cannon  
  126  20:31  Probe  
  123  20:38  Void Ray  
  123  20:40  Photon Cannon  
  127  20:50  Void Ray x2  
  135  20:58  Observer  
  135  21:02  Pylon  
  135  21:07  Carrier  
  142  21:16  Observer, Stargate  
  142  21:21  Photon Cannon  
  142  21:22  Photon Cannon  
  143  21:28  Void Ray  
  147  21:33  Void Ray  
  151  21:44  Void Ray  
Show
View Real Time Build Order
Export as new Build Order

Sorandom Zerg 

Build Orders: Pool First 

Get SALT Encoding   

  12  0:01  Drone  
  13  0:12  Overlord  
  13  0:18  Drone  
  14  0:32  Drone x2  
  16  0:43  Spawning Pool  
  16  0:46  Drone  
  16  1:09  Hatchery  
  15  1:14  Extractor  
  15  1:17  Drone x2  
  16  1:33  Zergling x4  
  18  1:40  Queen  
  18  1:45  Zergling x2  
  21  1:50  Zergling x2  
  22  2:21  Drone x2  
  22  2:22  Drone  
  25  2:24  Roach Warren  
  25  2:28  Overlord  
  24  2:46  Overlord  
  23  3:06  Roach  
  23  3:07  Roach x5  
  35  3:14  Roach  
  37  3:24  Drone x2, Spore Crawler  
  38  3:30  Roach  
  40  3:38  Roach  
  40  3:39  Overlord  
  42  3:43  Drone  
  43  3:50  Overlord  
  43  4:02  Drone  
  44  4:03  Drone x3  
  42  4:32  Roach x5  
  52  4:40  Roach  
  54  4:51  Roach  
  54  4:52  Overlord  
  56  4:53  Overlord  
  56  4:58  Extractor  
  55  5:00  Drone, Extractor  
  55  5:01  Drone x3  
  55  5:06  Roach  
  60  5:12  Roach  
  58  5:20  Drone x2  
  56  5:24  Spore Crawler  
  55  5:34  Drone x4, Queen  
  59  5:39  Ravager  
  59  5:50  Drone x3  
  59  5:55  Lair  
  57  6:06  Drone x2  
  57  6:10  Drone x4  
  63  6:12  Spore Crawler  
  60  6:39  Drone  
  64  6:40  Drone x5  
  64  6:44  Extractor, Drone, Hatchery  
  65  6:56  Hydralisk Den  
  64  7:01  Infestation Pit  
  64  7:04  Drone x3, Evolution Chamber  
  64  7:06  Evolution Chamber  
  64  7:09  Queen  
  64  7:10  Queen  
  64  7:11  Glial Reconstitution  
  68  7:28  Overseer  
  68  7:35  Hydralisk x4  
  68  7:37  Overlord x2  
  75  7:44  Muscular Augments  
  75  7:51  Spore Crawler  
  72  7:53  Hydralisk x2  
  76  8:01  Spore Crawler  
  76  8:04  Hydralisk x3  
  79  8:26  Spire  
  78  8:37  Drone x8  
  78  8:40  Extractor  
  78  8:41  Extractor  
  84  8:44  Hatchery  
  84  8:48  Zerg Missile Weapons Level 1  
  83  9:04  Overlord x2  
  83  9:09  Drone x2  
  85  9:10  Drone  
  85  9:11  Hydralisk Den  
  84  9:28  Zerg Ground Armor Level 1  
  84  9:36  Lair  
  84  9:39  Corruptor, Spore Crawler  
  84  9:45  Drone x3  
  85  9:50  Drone x3  
  85  9:51  Drone  
  85  9:52  Drone x2  
  92  9:53  Corruptor  
  92  9:58  Extractor  
  92  9:59  Extractor  
  90  10:12  Corruptor x2  
  94  10:20  Zerg Flyer Armor Level 1  
  94  10:21  Drone x10  
  96  10:22  Drone  
  105  10:32  Corruptor  
  105  10:34  Drone x3  
  110  10:39  Drone x3  
  113  10:48  Hydralisk x3  
  115  11:04  Hydralisk x5  
  120  11:17  Overlord  
  118  11:33  Spire  
  118  11:35  Hydralisk x3  
  118  11:37  Spore Crawler  
  118  11:38  Hatchery  
  111  11:47  Zerg Missile Weapons Level 2  
  112  12:01  Drone x3  
  112  12:03  Overlord x3  
  114  12:11  Spore Crawler  
  114  12:12  Overlord x2  
  114  12:13  Overlord  
  109  12:29  Corruptor  
  105  12:30  Corruptor x5  
  105  12:33  Grooved Spines, Pneumatized Carapace  
  117  12:42  Hydralisk x5  
  121  12:52  Corruptor x2  
  121  12:57  Drone x3  
  128  13:05  Hatchery  
  123  13:10  Corruptor  
  123  13:11  Corruptor x2  
  125  13:16  Hydralisk x2  
  125  13:19  Hydralisk  
  123  13:20  Hydralisk  
  121  13:27  Hydralisk  
  121  13:33  Drone x2  
  125  13:36  Drone x2  
  125  13:39  Corruptor  
  125  13:40  Corruptor  
  125  13:53  Corruptor x2  
  125  13:55  Drone x4  
  133  14:01  Extractor, Queen  
  133  14:02  Queen  
  134  14:03  Drone x2  
  134  14:09  Zerg Flyer Weapons Level 1  
  136  14:14  Overlord  
  136  14:15  Overlord x4  
  136  14:19  Corruptor x2  
  140  14:28  Hydralisk  
  142  14:32  Overlord x2  
  142  14:34  Drone x4  
  130  14:50  Hydralisk x4  
  120  14:54  Hydralisk x3  
  120  14:56  Hydralisk  
  116  15:02  Hydralisk x4  
  122  15:13  Extractor  
  121  15:14  Corruptor  
  121  15:15  Corruptor x3  
  121  15:19  Hydralisk x2  
  133  15:30  Drone x4  
  133  15:32  Drone  
  138  15:41  Zerg Ground Armor Level 2  
  138  15:45  Corruptor x3  
  138  15:46  Infestation Pit  
  143  16:02  Drone x4  
  147  16:23  Extractor  
  146  16:26  Hydralisk  
  146  16:27  Hydralisk x12  
  146  16:32  Zerg Flyer Weapons Level 2  
  172  16:35  Hatchery  
  172  16:36  Zerg Melee Weapons Level 1  
  172  16:38  Hive  
  171  16:46  Spore Crawler  
  164  16:48  Spore Crawler  
  164  16:50  Drone x11  
  169  16:59  Corruptor  
  169  17:00  Corruptor x2  
  175  17:04  Corruptor  
  171  17:09  Corruptor x2  
  171  17:14  Drone x3  
  171  17:15  Drone  
  169  17:30  Corruptor x5  
  141  17:44  Corruptor x4  
  131  18:01  Corruptor x3  
  131  18:03  Drone x2  
  137  18:08  Extractor  
  134  18:14  Spore Crawler  
  134  18:16  Corruptor x3  
  136  18:20  Extractor  
  129  18:31  Corruptor  
  129  18:32  Corruptor x2  
  129  18:33  Overlord x2  
  127  18:35  Corruptor  
  127  18:37  Drone x9  
  127  18:40  Extractor  
  135  18:41  Drone  
  135  18:42  Drone x2  
  138  18:50  Drone x3  
  138  18:54  Drone, Spore Crawler  
  141  19:05  Drone x4  
  141  19:07  Queen x2  
  149  19:17  Corruptor x5  
  149  19:22  Hatchery  
  158  19:25  Extractor  
  158  19:26  Zerg Flyer Weapons Level 3  
  158  19:30  Extractor  
  156  19:32  Zerg Missile Weapons Level 3, Spire  
  156  19:33  Corruptor  
  157  19:43  Pathogen Glands  
  157  19:59  Corruptor x6  
  169  20:09  Corruptor  
  169  20:10  Corruptor x2  
  175  20:28  Corruptor x4  
  157  20:29  Corruptor  
  157  20:30  Corruptor  
  157  20:33  Corruptor  
  159  20:37  Spore Crawler  
  158  20:44  Spore Crawler  
  158  20:46  Infestor x2  
  161  21:01  Corruptor x4  
  169  21:04  Drone  
  169  21:05  Drone x9  
  179  21:20  Corruptor x2  
  179  21:21  Corruptor x3, Hatchery  
  179  21:22  Corruptor  
  190  21:42  Drone x2  
  190  21:43  Drone  
  190  21:45  Spore Crawler x2  
  185  21:57  Corruptor x9  
  177  22:03  Corruptor x2  
  177  22:05  Spore Crawler  
Tags
 
Add a new tag
Caveats
  • Supply blocks, unpowered buildings, or Contaminate may cause inaccurate times.
  • Supply counts are checked every 10 seconds.